 Dungeon Crawl Stone Soup version 0.20.0-1-g1cb1d84 (webtiles) character file.

81 Monsterracer the Slasher (level 4, -6/35 HPs)
             Began as a Formicid Abyssal Knight on May 27, 2017.
             Was a Believer of Lugonu.
             Mangled by an ogre
             ... wielding a +0 giant club
              (22 damage)
             ... on level 3 of the Dungeon.
             The game lasted 00:03:30 (2454 turns).

Monsterracer the Slasher (Formicid Abyssal Knight)  Turns: 2454, Time: 00:03:31

Health: -6/35      AC:  7    Str: 17    XL:     4   Next: 68%
Magic:  5/5        EV: 10    Int: 11    God:    Lugonu [**....]
Gold:   149        SH:  0    Dex: 13    Spells: 3/3 levels left

rFire    . . .     SeeInvis +   a - +1 falchion
rCold    . . .     Gourm    .   (no shield)
rNeg     . . .     Faith    .   e - +0 ring mail
rPois    .         Spirit   .   (helmet unavailable)
rElec    .         Reflect  .   h - +0 cloak
rCorr    .         Harm     .   p - +0 pair of gloves (curse)
MR       .....     Clarity  +   (no boots)
Stlth    +.........             (no amulet)
Regen    0.2/turn               (no ring)
MPRegen  0.1/turn               (no ring)

@: no status effects
A: permanent stasis, dig shafts and tunnels, four strong arms, antennae 3, agile
1, clarity, wild magic 1
a: Dig, Shaft Self, Depart the Abyss, Bend Space, Renounce Religion


You were on level 3 of the Dungeon.
You worshipped Lugonu.
Lugonu was pleased with you.
You were not hungry.

You visited 1 branch of the dungeon, and saw 3 of its levels.
You visited the Abyss 1 time.

You collected 149 gold pieces.

Inventory:

Hand Weapons
 a - a +1 falchion (weapon)
Armour
 e - a +0 ring mail (worn)
 h - a +0 cloak (worn)
 m - a +0 buckler
 n - a +0 chain mail of cold resistance
 p - a cursed +0 pair of gloves (worn)
Jewellery
 o - a cursed -2 ring of protection {unknown}
Scrolls
 b - a scroll of amnesia {unknown}
 d - 2 scrolls of identify {unknown}
 f - a scroll of blinking {unknown}
 i - 4 scrolls of remove curse {unknown}
 l - a scroll of immolation {unknown}
Potions
 j - a potion of brilliance
 k - a potion of heal wounds
Comestibles
 c - 4 bread rations
 g - 2 royal jellies


   Skills:
 - Level 3.2 Fighting
 + Level 4.5 Long Blades
 - Level 2.1 Armour
 - Level 0.8 Dodging
 - Level 2.1 Invocations


You had 3 spell levels left.
You didn't know any spells.

Dungeon Overview and Level Annotations

Branches:
Dungeon (3/15)

Altars:
Hepliaklqana
Xom


Innate Abilities, Weirdness & Mutations

You cannot be hasted, slowed, berserked, paralysed or teleported.
You can dig through walls and to a lower floor.
Your four strong arms can wield two-handed weapons with a shield.
You have a pair of large antennae on your head. (SInv)
You are agile. (Dex +2)
You possess an exceptional clarity of mind.
Your spells are a little harder to cast, but a little more powerful.


Message History

Found an escape hatch in the floor.
There is an open door here.
An ogre is nearby!
You hit the ogre.
The ogre is lightly wounded.
The ogre barely misses you.
You hit the ogre.
The ogre is moderately wounded.
The ogre completely misses you.
You hit the ogre but do no damage.
The ogre is moderately wounded.
The ogre hits you with a giant club!!
Ouch! That really hurt!
You hit the ogre but do no damage.
The ogre is moderately wounded.
You barely miss the ogre.
The ogre is moderately wounded.
The ogre hits you with a giant club!!
Ouch! That really hurt!
You die...

{.......## .
####.....#######
..##..............#
....#......#####.#
..........######.####
.#####...###
#.......# .........#
#.......# .######O##
#....<..# #@#
#.......# #'#
#.......# #...#
#.......# #.....#
#.......# #.......#
####.#####
#.........##..(.....#
+.........+.<.....#.#
#...?.....##.#...##
##.....>.###.##.##


You could see an ogre.

Vanquished Creatures
  3 adders (D:2)
  An ooze (D:2)
  3 worms (D:2)
  6 bats
  6 giant cockroaches
  3 goblins (D:1)
  4 hobgoblins
  2 ball pythons
  4 frilled lizards
  6 kobolds
  7 rats
45 creatures vanquished.

Notes
Turn   | Place    | Note
-------+----------+-------------------------------------------
     0 | Abyss:1  | Monsterracer the Formicid Abyssal Knight began the quest for the Orb.
     0 | Abyss:1  | Reached XP level 1. HP: 18/18 MP: 2/2
    16 | D:1      | Escaped the Abyss
   232 | D:1      | Reached XP level 2. HP: 14/24 MP: 3/3
   368 | D:1      | Gained mutation: You are agile. (Dex +2) [potion of mutation]
   368 | D:1      | Gained mutation: Your spells are a little harder to cast, but a little more powerful. [potion of mutation]
   368 | D:1      | Gained mutation: You possess an exceptional clarity of mind. [potion of mutation]
   464 | D:1      | Reached skill level 3 in Long Blades
   922 | D:2      | Reached XP level 3. HP: 29/29 MP: 4/4
   940 | D:2      | Reached ** piety under Lugonu
  1287 | D:2      | Reached skill level 4 in Long Blades
  1287 | D:2      | Reached XP level 4. HP: 33/35 MP: 5/5
  1671 | D:2      | Found a faded altar of an unknown god.
  2003 | D:2      | Found a shimmering altar of Xom.
  2004 | D:2      | Found a hazy altar of Hepliaklqana.
  2004 | D:2      | Noticed a soldier ant
  2005 | D:2      | Noticed a spectral ugly thing
  2005 | D:2      | Noticed a soldier ant
  2442 | D:3      | Noticed an ogre
  2454 | D:3      | Mangled by an ogre

Skill      XL: |  1  2  3 |
---------------+----------+-----
Long Blades    | 3 4 |  4.5
Fighting       | |  3.2
Armour         | |  2.1
Dodging        | |  0.8
Invocations    | |  2.1

Action                   |  1- 3 |  4- 6 || total
-------------------------+-------+-------++-------
Melee: Falchion          |    78 |    60 ||   138
  Use: Potion            |     4 |     2 ||     6
  Eat: Chunk             |     1 |     4 ||     5
Armor: Ring mail         |    35 |    30 ||    65
       Leather armour    |     4 |       ||     4
Dodge: Dodged            |    42 |    31 ||    73
       Rpst.: Falchion   |    15 |     8 ||    23
